 Dungeon Crawl Stone Soup version 0.14.1-3-gd16b60d (webtiles) character file.

315 purple the Grave Robber (level 5, 14/35 HPs)
             Began as a Mummy Necromancer on May 15, 2014.
             Was an Initiate of Vehumet.
             Quit the game on Level 4 of the Dungeon.
             The game lasted 00:21:20 (3568 turns).

purple the Grave Robber (Mummy Necromancer)         Turns: 3568, Time: 00:21:20

HP  14/35        AC  7     Str 11      XL: 5   Next: 53%
MP  12/12        EV  9     Int 15      God: Vehumet [......]
Gold 109         SH  0     Dex 12      Spells:  5 memorised,  0 levels left

rFire  x . .     SeeInvis .     l - +1 whip (elec)
rCold  + . .     Clarity  .     m - +2 ring mail of Nymoyrr {rPois MR+}
rNeg   + + +     Conserve .     (no shield)
rPois  +         rCorr    .     (no helmet)
rElec  .         rRot     +     (no cloak)
SustAb . .       Spirit   .     (no gloves)
rMut   .         Warding  .     (no boots)
Saprov . . .     Stasis   .     (no amulet)
MR     +....                    (no ring)
                                (no ring)

@: somewhat resistant to hostile enchantments, very unstealthy
A: no food or potions, fire vulnerability, restore body, cold resistance 1, life
protection 3, poison resistance, torment resistance, unbreathing
a: Renounce Religion


You were on level 4 of the Dungeon.
You worshipped Vehumet.
Vehumet was noncommittal.
You were not hungry.

You visited 1 branch of the dungeon, and saw 5 of its levels.

You collected 109 gold pieces.

Inventory:

Hand weapons
 l - a +1,+1 whip of electrocution (weapon)
Armour
 a - a +0 robe
 m - the +2 ring mail of Nymoyrr (worn) {rPois MR+}
   (You found it on level 4 of the Dungeon)

   It protects you from poison.
   It affects your resistance to hostile enchantments.
Magical devices
 j - a wand of magic darts (24)
Scrolls
 c - a scroll of recharging
 e - 2 scrolls of teleportation
 f - a scroll of remove curse
 g - 4 scrolls of identify
 h - 3 scrolls of magic mapping {unknown}
 i - a scroll of amnesia {unknown}
 k - 2 scrolls of noise {unknown}
Books
 b - a book of Necromancy

   Spells                             Type                      Level
   *Pain                              Necromancy                   1
   *Animate Skeleton                  Necromancy                   1
   *Lethal Infusion                   Charms/Necromancy            2
   *Vampiric Draining                 Necromancy                   3
   Regeneration                       Charms/Necromancy            3
   *Animate Dead                      Necromancy                   4
   Control Undead                     Necromancy                   4


   Skills:
 + Level 0.1 Armour
 + Level 2.3 Dodging
 + Level 1.5 Stealth
 + Level 3.9 Spellcasting
 + Level 5.2 Necromancy


You couldn't memorise any spells.
You knew the following spells:

 Your Spells              Type           Power        Failure   Level  Hunger
a - Pain                  Necr           ###.         3%          1    N/A
b - Animate Skeleton      Necr           N/A          3%          1    N/A
c - Lethal Infusion       Chrm/Necr      ##........   17%         2    N/A
d - Vampiric Draining     Necr           ###.......   12%         3    N/A
e - Animate Dead          Necr           N/A          38%         4    N/A

Dungeon Overview and Level Annotations

Branches:
Dungeon (5/15)
 Temple: D:4-7

Altars:
Vehumet


Innate Abilities, Weirdness & Mutations

You do not eat or drink.
Your flesh is vulnerable to fire.
Your flesh is cold resistant.
You are immune to negative energy.
Your system is resistant to poisons.
You are immune to unholy pain and torment.
You can survive without breathing.


Message History

The giant frog skeleton barely misses you.
You hit the giant frog skeleton. The giant frog skeleton hits you.
You hit the giant frog skeleton but do no damage.
The giant frog skeleton hits you.
You hit the phantom but do no damage. You miss the phantom.
The phantom blinks!
You barely miss the giant frog skeleton.
The giant frog skeleton hits you but does no damage.
You hit the giant frog skeleton but do no damage.
There is a sudden explosion of sparks!
You destroy the giant frog skeleton!
Vehumet accepts your kill. The phantom hits you.
You hit the phantom but do no damage.
The phantom blinks!
There is a stone staircase leading down here.
The phantom blinks!
Quiver which item? (- for none, * to show all) (? for menu, Esc to quit)
Okay, then.
Unknown command.
Are you sure you want to abandon this character and quit the game? (Confirm with "yes".)

#.. ...........#
#.# #.........#
#.# #.........#
#.# #..........
#.######.........#
#...............>#
#........#######.#
#........# #.#
#@.......# #.#
#...p....# #.#
#........# #..
#........#######.#
#>######.........#
#.# #.........#
#.# #...###'#.#
#.# #...#...#.#
#.# #...#...#.#


You could see a phantom.

Vanquished Creatures
  A giant frog skeleton (D:4)
  A worker ant (D:4)
  An iguana (D:3)
  Terence (D:3)
  4 adders
  A giant mite (D:1)
  8 orcs (D:3)
  A ball python (D:1)
  A giant cockroach (D:1)
  6 hobgoblins
  8 bats
  4 giant newts
  4 goblins
  5 jackals
  7 kobolds
  A quokka skeleton (D:4)
  7 rats
61 creatures vanquished.

Vanquished Creatures (collateral kills)
  An adder (D:3)
  A giant cockroach (D:1)
  A giant newt (D:3)
  3 goblins
  A kobold (D:2)
  A rat (D:1)
8 creatures vanquished.

Vanquished Creatures (others)
  An adder skeleton (D:3)
  A ball python skeleton (D:1)
  2 goblin skeletons (D:2)
  A kobold skeleton (D:2)
  A rat skeleton (D:1)
6 creatures vanquished.

Grand Total: 75 creatures vanquished

Notes
Turn   | Place    | Note
--------------------------------------------------------------
     0 | D:1      | purple, the Mummy Necromancer, began the quest for the Orb.
     0 | D:1      | Reached XP level 1. HP: 13/13 MP: 3/3
   461 | D:1      | Reached XP level 2. HP: 19/19 MP: 2/4
   465 | D:1      | Learned a level 1 spell: Animate Skeleton
  1176 | D:1      | Learned a level 2 spell: Lethal Infusion
  1286 | D:2      | Reached XP level 3. HP: 24/24 MP: 4/6
  1493 | D:2      | Found a radiant altar of Vehumet.
  1504 | D:2      | Became a worshipper of Vehumet
  1856 | D:2      | Learned a level 3 spell: Vampiric Draining
  2159 | D:3      | Reached XP level 4. HP: 25/30 MP: 3/9
  2597 | D:3      | Reached skill level 5 in Necromancy
  2729 | D:3      | Noticed Terence
  2756 | D:3      | Killed Terence
  2756 | D:3      | Reached XP level 5. HP: 26/35 MP: 0/11
  2968 | D:3      | Learned a level 4 spell: Animate Dead
  3038 | D:4      | Got an encrusted ring mail
  3136 | D:4      | Identified the +2 ring mail of Nymoyrr {rPois MR+} (You found it on level 4 of the Dungeon)
  3283 | D:4      | Noticed a phantom
  3308 | D:5      | Entered Level 5 of the Dungeon
  3568 | D:4      | Quit the game

Action                   |  1- 3 |  4- 6 || total
-------------------------+-------+-------++-------
Melee: Unarmed           |    10 |       ||    10
       Whip              |       |    31 ||    31
 Cast: Pain              |    77 |    48 ||   125
       Animate Skeleton  |    10 |    10 ||    20
       Vampiric Draining |       |     1 ||     1
  Use: Scroll            |       |     5 ||     5
